 Dungeon Crawl Stone Soup version 0.29.1-1-gd02db6906a (webtiles) character file.

Game seed: 18001463114994036450

131 wnhky the Conjurer (level 4, -3/21 HPs)
             Began as a Spriggan Conjurer on Oct 8, 2022.
             Slain by an orc priest
             ... wielding a +0 flail
              (10 damage)
             ... on level 3 of the Dungeon.
             The game lasted 00:03:49 (1894 turns).

wnhky the Conjurer (Spriggan Conjurer)              Turns: 1894, Time: 00:03:50

Health: -3/21      AC:  2    Str:  3    XL:     4   Next: 91%
Magic:  2/10       EV: 17    Int: 21    God:
Gold:   107        SH:  0    Dex: 13    Spells: 4/10 levels left

rFire   + . .      SeeInvis +   e - +0 dagger
rCold   x . .      Faith    .   (no shield)
rNeg    . . .      Spirit   .   a - +0 robe
rPois   .          Reflect  .   (helmet restricted)
rElec   .          Harm     .   (no cloak)
rCorr   .          Rampage  .   (gloves unavailable)
Will    .....                   (boots unavailable)
Stlth   ++........              (no amulet)
HPRegen 0.07/turn               g - ring of fire
MPRegen 0.12/turn               (no ring)

@: very quick
A: very small, no large weapons, unfitting armour, see invisible, speed 3
a: no special abilities


You were on level 3 of the Dungeon.
You visited 1 branch of the dungeon, and saw 3 of its levels.

You collected 107 gold pieces.

Inventory:

Hand Weapons
 e - a +0 dagger (weapon)
Armour
 a - a +0 robe (worn)
Jewellery
 g - a ring of fire (left hand)
Scrolls
 c - a scroll of fear {unknown}
 d - 3 scrolls of teleportation {unknown}
 f - a scroll of identify {unknown}
 h - a scroll of blinking {unknown}
Potions
 b - a potion of magic
 i - a potion of mutation {unknown}


   Skills:
 + Level 2.9 Dodging
 + Level 3.4 Stealth
 + Level 3.7 Spellcasting
 + Level 4.2 Conjurations


You had 4 spell levels left.
You knew the following spells:

 Your Spells              Type           Power      Damage    Failure   Level
a - Magic Dart            Conj           84%        1d7       2%          1
b - Searing Ray           Conj           42%        2d6       3%          2
c - Dazzling Flash        Conj/Hex       24%        N/A       16%         3

Your spell library contained the following spells:

 Spells                   Type           Power      Damage    Failure   Level
 Fulminant Prism          Conj/Hex       6%         3d7       45%         4
 Iskenderun's Mystic Bla  Conj/Tloc      12%        2d5       45%         4


Dungeon Overview and Level Annotations

Branches:
Dungeon (3/15)

Altars:
Wu Jian


Innate Abilities, Weirdness & Mutations

You are very small and have problems with some larger weapons.
You are too small for most types of armour.
You have supernaturally acute eyesight. (SInv)
You cover ground extremely quickly. (Speed+++)


Message History

The searing ray hits the orc priest.
The orc priest is moderately wounded.
The searing ray hits the orc wizard!
The orc wizard is severely wounded.
The searing ray hits the orc!
You kill the orc!
The orc wizard casts a spell.
The orc wizard flickers and vanishes for a moment.
The searing ray hits the orc priest.
The orc priest is moderately wounded.
The searing ray hits the orc wizard!
You kill the orc wizard!
The orc priest hits you with a +0 flail.
The searing ray hits the orc priest.
The orc priest is severely wounded.
You finish channelling your searing ray.
The orc priest hits you with a +0 flail!
Casting: Searing Ray (safe; 3% risk of failure)
Confirm with . or Enter, or press ? or * to list all spells.
Okay, then.
Casting: Searing Ray (safe; 3% risk of failure)
Confirm with . or Enter, or press ? or * to list all spells.
You don't know that spell.
Casting: Searing Ray (safe; 3% risk of failure)
Confirm with . or Enter, or press ? or * to list all spells.
The spell is extremely dangerous to miscast (16% risk of failure)!
Continue anyway?
Okay, then.
Casting: Dazzling Flash (extremely dangerous; 16% risk of failure)
Confirm with . or Enter, or press ? or * to list all spells.
Aiming: Searing Ray (safe; 3% risk of failure)
Press: ? - help, Shift-Dir - straight line, f - orc priest
Aim: an orc priest, wielding a +0 flail and wearing a +0 ring mail (severely wounded, 81% to hit)
The searing ray hits the orc priest.
The orc priest is almost dead. (Press . to maintain the ray.)
The orc priest hits you with a +0 flail.
The searing ray hits the orc priest.
The orc priest is almost dead.
The orc priest hits you with a +0 flail!
You die...

################
...)).o@.......#
##############.#
#.# ##'######
#.......#
#.......#
#.......#
#.......####
..'...........


You could see an orc priest.

Vanquished Creatures
  A hound (D:3)
  An orc wizard (D:3)
  3 gnolls (D:3)
  2 adders (D:2)
  A worm (D:3)
  A dart slug (D:2)
  An orc (D:3)
  3 ball pythons
  2 endoplasms
  3 giant cockroaches (D:2)
  2 goblins
  2 hobgoblins (D:2)
  A frilled lizard (D:2)
  2 kobolds (D:2)
25 creatures vanquished.

Notes
Turn   | Place    | Note
-------+----------+-------------------------------------------
     0 | D:1      | wnhky the Spriggan Conjurer began the quest for the Orb.
     0 | D:1      | Reached XP level 1. HP: 9/9 MP: 5/5
    48 | D:1      | Reached skill level 3 in Conjurations
   120 | D:1      | You fall into a shaft and drop 1 floor!
   299 | D:2      | Reached XP level 2. HP: 13/13 MP: 0/6
   707 | D:2      | Reached XP level 3. HP: 16/16 MP: 5/8
   710 | D:2      | Learned a level 2 spell: Searing Ray
   714 | D:2      | Learned a level 3 spell: Dazzling Flash
  1117 | D:2      | Found a faded altar of an unknown god.
  1439 | D:3      | Found an ornate altar of the Wu Jian Council.
  1539 | D:3      | Reached XP level 4. HP: 21/21 MP: 0/10
  1594 | D:3      | Reached skill level 4 in Conjurations
  1894 | D:3      | Slain by an orc priest

Illustrated notes

Levels and vault maps discovered:
D:1:      dpeg_arrival_pits, layout_loops_ring
D:2:      layout_loops_corners, dreamdust_ecumenical_altar_angels_and_demons
D:3:      minmay_chambers_of_twos, layout_basic,
          mainiacjoe_overflow_small_starburst

Skill      XL: |  1  2  3  4 |
---------------+-------------+-----
Conjurations   | 3 4 |  4.2
Spellcasting   | 3 |  3.7
Dodging        | |  2.9
Stealth        | |  3.4

Action                   |  1- 3 |  4- 6 || total
-------------------------+-------+-------++-------
 Cast: Magic Dart        |    49 |     6 ||    55
       Searing Ray       |     6 |     3 ||     9
Armor: Robe              |     1 |       ||     1
Dodge: Dodged            |     2 |     1 ||     3
